 Dungeon Crawl Stone Soup version 0.31.0-1-g2c135a008e (webtiles) character file.

Game seed: 5413277168354635806

7331 qw the Skirmisher (level 11, -3/82 HPs)
             Began as a Djinni Hunter on Jan 23, 2024.
             Was a Priest of Okawaru.
             Slain by a two-headed ogre
             ... wielding a +0 giant club
              (18 damage)
             ... on level 10 of the Dungeon.
             The game lasted 00:00:52 (8017 turns).

qw the Skirmisher (Djinni Hunter)                   Turns: 8017, Time: 00:00:53

Health: -3/82      AC: 11    Str: 10    XL:     11   Next: 35%
Gold:   140        EV: 17    Int: 11    God:    Okawaru [***...] SH:  0 Dex: 21

rFire   + + .        j - +0 orcbow (elec)
rCold   . . .        (shield currently unavailable)
rNeg    . . .        q - +0 troll leather armour
rPois   inf          f - +0 helmet
rElec   .            h - +2 cloak
rCorr   .            (no gloves)
SInv    .            (boots unavailable)
Will    +....        (no amulet)
Stlth   ++           c - +4 ring of protection
HPRegen 1.13/turn    m - ring of protection from cold
MPRegen 0.00/turn

%: infuse magic (-4 HP)
@: about to teleport, flying
A: sickness immunity, fire resistance 2, cold vulnerability 1, float, innate
caster, HP casting, extra vitality 1
a: Renounce Religion, Heroism


You were on level 10 of the Dungeon.
You worshipped Okawaru.
Okawaru was most pleased with you.
You visited 2 branches of the dungeon, and saw 13 of its levels.

You collected 503 gold pieces.
You spent 363 gold pieces at shops.


Innate Abilities, Weirdness & Mutations

You are immune to sickness and miasma.
You are immune to poison.
Your flesh is very heat resistant. (rF++)
You are vulnerable to cold. (rC-)
You float through the air rather than walking.
You learn spells naturally, not from books.
Your magical power is your life essence.
You have superior vitality. (+4 MHP)


   Skills:
 - Level 8.4 Fighting
 + Level 10.6 Ranged Weapons
 - Level 2.2 Armour
 - Level 8.0 Dodging
 - Level 0.7 Stealth
 - Level 4.2 Invocations


You knew the following spells:

 Your Spells              Type           Power      Damage    Failure   Level
a - Freeze                Ice            0%         1d3       43%         1
b - Ensorcelled Hibernat  Hex/Ice        0%         N/A       56%         2
c - Hailstorm             Conj/Ice       0%         3d5       80%         3
d - Vhi's Electric Charg  Tloc/Air       0%         N/A       99%         4
e - Anguish               Hex/Necr       0%         N/A       99%         4
Your spell library was empty.

Inventory:

Hand Weapons
 j - a +0 orcbow of electrocution (weapon)
Armour
 f - a +0 helmet (worn)
 h - a +2 cloak (worn)
 l - a +1 robe of resistance
 q - a +0 troll leather armour (worn)
Jewellery
 c - a +4 ring of protection (left hand)
 m - a ring of protection from cold (right hand)
Wands
 k - a wand of polymorph (9)
 p - a wand of roots (6)
 s - a wand of mindburst (12)
Scrolls
 b - 2 scrolls of teleportation
 i - a scroll of vulnerability {unknown}
 n - a scroll of identify
Potions
 a - 2 potions of mutation
 e - a potion of cancellation
 g - 5 potions of curing
 o - 4 potions of enlightenment
 r - a potion of might

Dungeon Overview and Level Annotations

Branches:
Dungeon (12/15)            Temple (1/1) D:6
   Lair: D:8-11         Orc: D:9-12

Altars:
Ashenzari
Cheibriados
Dithmenos
Elyvilon
Gozag
Makhleb
Nemelex Xobeh
Okawaru
Qazlal
Ru
Uskayaw
Wu Jian
Xom
Yredelemnul
Zin
The Shining One

Shops:
D:8 !

Annotations:
D:8 3 runed translucent doors


Message History

You hear two shouts!
You hear a shout!
You start resting.
An orc warrior comes into view. It is wielding a +0 battleaxe.
You shoot an arrow. The orc warrior shouts!
The arrow hits the orc warrior but does no damage.
You hear a shout!
You shoot an arrow. The arrow hits the orc warrior!
The orc warrior is moderately wounded.
You shoot an arrow.
The arrow barely misses the orc warrior.
You hear two shouts!
You hear a roar!
You hear a shout!
You shoot an arrow. The arrow hits the orc warrior!
The orc warrior is almost dead.
A two-headed ogre comes into view.
It is wielding a +0 giant club and a +0 giant spiked club.
You shoot an arrow. The arrow hits the orc warrior!
You kill the orc warrior!
Okawaru accepts your kill.
You shoot an arrow. The arrow hits the two-headed ogre!
The two-headed ogre is lightly wounded.
The two-headed ogre misses you. The two-headed ogre closely misses you.
You shoot an arrow. The arrow hits the two-headed ogre!
The two-headed ogre is moderately wounded.
You shoot an arrow.
The arrow barely misses the two-headed ogre.
The two-headed ogre hits you with a +0 giant club!!
The two-headed ogre closely misses you.
You shoot an arrow. The arrow hits the two-headed ogre!
The two-headed ogre is heavily wounded.
The two-headed ogre hits you with a +0 giant club!
The two-headed ogre hits you with a +0 giant spiked club!
An orc comes into view. It is wielding a +0 dagger.
8016 ||| READING 3 scrolls of teleportation.
As you read the scroll of teleportation, it crumbles to dust.
You feel strangely unstable.
You shoot an arrow. The arrow hits the two-headed ogre!
The two-headed ogre is severely wounded.
The two-headed ogre barely misses you.
The two-headed ogre hits you with a +0 giant spiked club!!
You die...

...######.........#
........#.........#
........#.........#
........#.........##
....)./.#.....)....#
..%...Yg.......)...#
###...##.....)>)...#
##..##...##O######
#.......##@.#
.....###.o)#)#
.......)##...#
......#.. ###..#
.... ##. ...# ... ..
....# .. #.#.# ##.
.#..# ..


You could see a two-headed ogre and an orc.

Vanquished Creatures
  2 two-headed ogres (D:10)
  Joseph (D:7)
  2 trolls
  A vampire (D:9)
  Sigmund (D:2)
  A wyvern (D:9)
  A yak (D:10)
  2 steam dragons
  Edmund (D:6)
  An acid dragon (D:9)
  2 water moccasins
  A sky beast (D:6)
  5 orc warriors
  2 ice beasts
  An ogre (D:5)
  3 black bears
  4 centaurs
  3 phantoms (D:5)
  A kobold brigand (D:7)
  3 bullfrogs
  3 gnoll sergeants
  A scorpion (D:7)
  7 killer bees
  8 howler monkeys
  2 bombardier beetles (D:4)
  4 electric eels (D:9)
  A jelly (D:6)
  4 crimson imps
  5 orc priests
  A gnoll bouda (D:10)
  3 hounds (D:5)
  A sleepcap (D:4)
  2 iguanas
  9 orc wizards
  15 gnolls
  9 adders
  A shadow imp (D:7)
  3 white imps
  2 ufetubi (D:6)
  A dart slug (D:3)
  47 orcs
  4 endoplasms
  2 giant cockroaches
  3 hobgoblins
  3 jackals (D:2)
  12 kobolds
  5 quokkas
  11 ball pythons
  6 bats
  3 frilled lizards
  6 goblins
  7 rats
229 creatures vanquished.

Notes
Turn   | Place    | Note
-------+----------+-------------------------------------------
     0 | D:1      | qw the Djinni Hunter began the quest for the Orb.
     0 | D:1      | Reached XP level 1. HP: 18/18 MP: 0/0
     0 | D:1      | 0 ||| qw: Version: 0.3-a-132-g3d54051
     0 | D:1      | 0 ||| qw: Game counter: 628
     0 | D:1      | 0 ||| qw: Melee chars always use a shield: true
     0 | D:1      | 0 ||| qw: God list: Okawaru
     0 | D:1      | 0 ||| qw: Allow faded altars: false
     0 | D:1      | 0 ||| qw: Do Orc after clearing Dungeon:15 true
     0 | D:1      | 0 ||| qw: Do second Lair branch before Depths: true
     0 | D:1      | 0 ||| qw: Lair rune preference: random
     0 | D:1      | 0 ||| qw: Goals: Normal
     0 | D:1      | 0 ||| PLANNING D:1-11
    46 | D:1      | Reached XP level 2. HP: 15/23 MP: 0/0
   539 | D:1      | Reached XP level 3. HP: 28/28 MP: 0/0
   539 | D:1      | Learned a level 1 spell: Freeze
   640 | D:1      | Reached skill level 4 in Ranged Weapons
   710 | D:1      | 710 ||| UPGRADING to +0 ring mail.
   720 | D:1      | 720 ||| DROPPING +0 leather armour.
   721 | D:1      | 721 ||| UPGRADING to +2 cloak.
   726 | D:1      | 726 ||| READING scroll labelled OMIOKYSSEUBUF.
   727 | D:1      | 727 ||| READING scroll labelled TIRILEY AKHLY.
   730 | D:1      | 730 ||| DRINKING 4 emerald potions.
   731 | D:1      | 731 ||| DROPPING scroll of butterflies.
   985 | D:2      | Reached skill level 1 in Armour
  1246 | D:2      | Noticed Sigmund
  1252 | D:2      | 1252 ||| DRINKING 4 potions of curing.
  1252 | D:2      | 1252 ||| (to cure confusion)
  1268 | D:2      | Killed Sigmund
  1269 | D:2      | Reached XP level 4. HP: 35/38 MP: 0/0
  1269 | D:2      | Reached XP level 5. HP: 39/42 MP: 0/0
  1269 | D:2      | Learned a level 2 spell: Ensorcelled Hibernation
  1269 | D:2      | Reached XP level 6. HP: 46/49 MP: 0/0
  1407 | D:2      | Found a faded altar of an unknown god.
  1428 | D:2      | 1428 ||| UPGRADING to +0 helmet.
  1433 | D:2      | 1433 ||| UPGRADING to +2 robe.
  1443 | D:2      | 1443 ||| DROPPING +0 ring mail.
  1444 | D:2      | 1444 ||| UPGRADING to +4 ring of protection.
  1488 | D:3      | 1488 ||| STAIRDANCE
  1508 | D:2      | 1508 ||| FLEEEEING.
  1513 | D:2      | 1513 ||| STAIRDANCE
  1575 | D:3      | 1575 ||| STAIRDANCE
  1583 | D:2      | Reached skill level 3 in Dodging
  2164 | D:3      | 2164 ||| UPGRADING to +1 robe of resistance.
  2174 | D:3      | 2174 ||| READING scroll labelled PINODD YKYIQ.
  2175 | D:3      | 2175 ||| READING scroll labelled HEBIKHL XOTT.
  2175 | D:3      | 2175 ||| IDENTIFYING purple potion
  2176 | D:3      | 2176 ||| READING 3 scrolls labelled TIQYEF OGAMMU.
  2176 | D:3      | 2176 ||| BRANDING +0 shortbow.
  2177 | D:3      | 2177 ||| READING 2 scrolls of brand weapon.
  2177 | D:3      | 2177 ||| BRANDING +0 shortbow of draining.
  2178 | D:3      | 2178 ||| READING scroll of brand weapon.
  2178 | D:3      | 2178 ||| BRANDING +0 shortbow of chaos.
  2179 | D:3      | 2179 ||| DRINKING 2 puce potions.
  2180 | D:3      | 2180 ||| DROPPING potion of ambrosia.
  2192 | D:4      | 2192 ||| STAIRDANCE
  2199 | D:4      | 2199 ||| STAIRDANCE
  2220 | D:4      | Reached XP level 7. HP: 53/53 MP: 0/0
  2220 | D:4      | Learned a level 3 spell: Hailstorm
  2237 | D:4      | 2237 ||| FLEEEEING.
  2239 | D:4      | 2239 ||| STAIRDANCE
  2304 | D:4      | Reached skill level 5 in Ranged Weapons
  2696 | D:4      | Found a shimmering altar of Xom.
  2710 | D:4      | Paralysed by a crimson imp for 1 turns
  2715 | D:4      | 2715 ||| FLEEEEING.
  2728 | D:4      | Reached XP level 8. HP: 53/58 MP: 0/0
  2798 | D:4      | 2798 ||| UPGRADING to ring of protection from cold.
  2799 | D:4      | 2799 ||| READING 2 scrolls of identify.
  2799 | D:4      | 2799 ||| IDENTIFYING fuming brown potion
  2800 | D:4      | 2800 ||| READING scroll of identify.
  2800 | D:4      | 2800 ||| IDENTIFYING golden potion
  2801 | D:4      | 2801 ||| READING scroll labelled MUCIJU PA MAEJ.
  2802 | D:4      | 2802 ||| FLEEEEING.
  2803 | D:4      | 2803 ||| STAIRDANCE
  2894 | D:3      | 2894 ||| DRINKING 2 clear potions.
  2895 | D:3      | 2895 ||| DRINKING 2 fizzy brown potions.
  2896 | D:3      | 2896 ||| DROPPING potion of brilliance.
  2897 | D:3      | 2897 ||| DROPPING potion of attraction.
  2925 | D:5      | Entered Level 5 of the Dungeon
  2943 | D:5      | Reached skill level 6 in Ranged Weapons
  3070 | D:5      | Reached skill level 7 in Ranged Weapons
  3163 | D:5      | 3163 ||| FLEEEEING.
  3306 | D:5      | Found a broken altar of Ashenzari.
  3307 | D:5      | 3307 ||| SWAPPING to +0 orcbow.
  3314 | D:5      | 3314 ||| DROPPING +0 shortbow of draining.
  3335 | D:5      | Reached XP level 9. HP: 57/65 MP: 0/0
  3335 | D:5      | Learned a level 4 spell: Vhi's Electric Charge
  3335 | D:5      | 3335 ||| FLEEEEING.
  3596 | D:5      | 3596 ||| READING scroll labelled ZEIGHY RUSTRIATHREGA.
  3669 | D:6      | Found a staircase to the Ecumenical Temple.
  3670 | D:6      | 3670 ||| PLANNING TEMPLE
  3696 | D:6      | 3696 ||| DRINKING 4 potions of curing.
  3696 | D:6      | 3696 ||| (to cure confusion)
  3699 | D:6      | Reached skill level 6 in Dodging
  3790 | Temple   | Entered the Ecumenical Temple
  3791 | Temple   | 3791 ||| PLANNING D:1-11
  3842 | D:6      | Found an ornate altar of the Wu Jian Council.
  3864 | D:6      | Reached skill level 8 in Ranged Weapons
  3913 | D:6      | Reached skill level 6 in Fighting
  3913 | D:6      | 3913 ||| FLEEEEING.
  4004 | D:6      | 4004 ||| FLEEEEING.
  4032 | D:6      | Noticed Edmund
  4044 | D:6      | Killed Edmund
  4065 | D:6      | Found a hide-covered altar of Uskayaw.
  4130 | D:6      | 4130 ||| RETREEEEATING.
  4133 | D:6      | 4133 ||| RETREEEEATING.
  4135 | D:6      | 4135 ||| RETREEEEATING.
  4371 | D:6      | 4371 ||| READING scroll of identify.
  4371 | D:6      | 4371 ||| IDENTIFYING sedimented purple potion
  4372 | D:6      | 4372 ||| READING 2 scrolls labelled ZANLOCZ INGA.
  4373 | D:6      | 4373 ||| READING 4 scrolls labelled XEDIAN WEEPN.
  4374 | D:6      | 4374 ||| DROPPING scroll of revelation.
  4375 | D:6      | 4375 ||| DROPPING 3 scrolls of poison.
  4415 | D:7      | Reached skill level 9 in Ranged Weapons
  4445 | D:7      | Found an iron altar of Okawaru.
  4446 | D:7      | 4446 ||| PLANNING OKAWARU WORSHIP
  4456 | D:7      | Reached XP level 10. HP: 72/72 MP: 0/0
  4463 | D:7      | Became a worshipper of Warmaster Okawaru
  4464 | D:7      | 4464 ||| PLANNING D:1-11
  4570 | D:7      | Found an opulent altar of Gozag.
  4576 | D:7      | Noticed Joseph
  4577 | D:7      | 4577 ||| DRINKING potion of haste.
  4582 | D:7      | 4582 ||| FLEEEEING.
  4614 | D:7      | Killed Joseph
  4615 | D:7      | 4615 ||| FLEEEEING.
  4622 | D:7      | 4622 ||| STAIRDANCE
  4743 | D:6      | 4743 ||| READING scroll labelled XAMIFU ZOVIATE.
  5027 | D:7      | Found a glowing silver altar of Zin.
  5121 | D:7      | Found a stormy altar of Qazlal.
  5447 | D:7      | Found a burning altar of Makhleb.
  5882 | D:7      | 5882 ||| DRINKING 2 red potions.
  5883 | D:7      | 5883 ||| DROPPING potion of invisibility.
  5977 | D:8      | 5977 ||| FLEEEEING.
  5984 | D:8      | 5984 ||| FLEEEEING.
  5985 | D:8      | 5985 ||| FLEEEEING.
  5986 | D:8      | 5986 ||| FLEEEEING.
  6066 | D:8      | 6066 ||| RETREEEEATING.
  6075 | D:8      | 6075 ||| RETREEEEATING.
  6077 | D:8      | 6077 ||| RETREEEEATING.
  6078 | D:8      | 6078 ||| RETREEEEATING.
  6093 | D:8      | Reached * piety under Okawaru
  6274 | D:8      | Reached skill level 1 in Invocations
  6394 | D:8      | 6394 ||| FLEEEEING.
  6496 | D:8      | Found Peuloghe's Distillery.
  6502 | D:8      | 6502 ||| BUYING potion of curing (33 gold).
  6502 | D:8      | Bought a potion of curing for 33 gold pieces
  6502 | D:8      | 6502 ||| BUYING potion of curing (33 gold).
  6502 | D:8      | Bought a potion of curing for 33 gold pieces
  6502 | D:8      | 6502 ||| BUYING potion of enlightenment (55 gold).
  6502 | D:8      | Bought a potion of enlightenment for 55 gold pieces
  6502 | D:8      | 6502 ||| BUYING potion of enlightenment (55 gold).
  6502 | D:8      | Bought a potion of enlightenment for 55 gold pieces
  6502 | D:8      | 6502 ||| BUYING potion of heal wounds (55 gold).
  6502 | D:8      | Bought a potion of heal wounds for 55 gold pieces
  6502 | D:8      | 6502 ||| BUYING potion of might (44 gold).
  6502 | D:8      | Bought a potion of might for 44 gold pieces
  6502 | D:8      | 6502 ||| BUYING potion of mutation (88 gold).
  6502 | D:8      | Bought a potion of mutation for 88 gold pieces
  6569 | D:8      | Found a basalt altar of Yredelemnul.
  6690 | D:8      | Found a runed translucent gate.
  6691 | D:8      | Found a runed translucent gate.
  6692 | D:8      | Found a runed translucent gate.
  6692 | D:8      | Noticed a manticore
  6692 | D:8      | Noticed a manticore
  6693 | D:8      | Noticed a manticore
  6905 | D:8      | 6905 ||| READING 2 scrolls of identify.
  6905 | D:8      | 6905 ||| IDENTIFYING scroll labelled POLUDIN TIE
  6906 | D:8      | 6906 ||| DROPPING scroll of silence.
  7004 | D:9      | 7004 ||| FLEEEEING.
  7049 | D:9      | 7049 ||| READING scroll of brand weapon.
  7049 | D:9      | 7049 ||| BRANDING +0 orcbow.
  7065 | D:9      | 7065 ||| RETREEEEATING.
  7068 | D:9      | 7068 ||| RETREEEEATING.
  7070 | D:9      | 7070 ||| RETREEEEATING.
  7096 | D:9      | HP: 16/75 [gnoll sergeant/+0 trident of venom (10)]
  7097 | D:9      | 7097 ||| READING 4 scrolls of teleportation.
  7098 | D:9      | 7098 ||| DRINKING potion of heal wounds.
  7102 | D:9      | 7102 ||| FLEEEEING.
  7103 | D:9      | Reached ** piety under Okawaru
  7104 | D:9      | Reached skill level 3 in Invocations
  7349 | D:9      | 7349 ||| FLEEEEING.
  7350 | D:9      | 7350 ||| FLEEEEING.
  7400 | D:9      | 7400 ||| FLEEEEING.
  7447 | D:9      | 7447 ||| FLEEEEING.
  7448 | D:9      | 7448 ||| FLEEEEING.
  7449 | D:9      | 7449 ||| FLEEEEING.
  7450 | D:9      | 7450 ||| FLEEEEING.
  7492 | D:9      | 7492 ||| FLEEEEING.
  7527 | D:9      | 7527 ||| FLEEEEING.
  7565 | D:9      | 7565 ||| FLEEEEING.
  7600 | D:9      | 7600 ||| FLEEEEING.
  7653 | D:9      | 7653 ||| FLEEEEING.
  7654 | D:9      | 7654 ||| FLEEEEING.
  7655 | D:9      | 7655 ||| FLEEEEING.
  7656 | D:9      | 7656 ||| FLEEEEING.
  7657 | D:9      | 7657 ||| FLEEEEING.
  7732 | D:9      | You are sucked into a shaft and drop 3 floors!
  7752 | D:12     | Reached skill level 10 in Ranged Weapons
  7810 | D:12     | Reached XP level 11. HP: 74/79 MP: 0/0
  7810 | D:12     | Learned a level 4 spell: Anguish
  7833 | D:12     | 7833 ||| DROPPING +2 robe.
  7834 | D:12     | 7834 ||| UPGRADING to +0 troll leather armour.
  7918 | D:10     | Entered Level 10 of the Dungeon
  7955 | D:10     | Reached *** piety under Okawaru
  7958 | D:10     | Noticed a two-headed ogre
  7959 | D:10     | 7959 ||| ZAPPING wand of quicksilver (7) at -7,1
                  | (two-headed ogre; floor).
  7960 | D:10     | 7960 ||| ZAPPING wand of quicksilver (6) at -6,0
                  | (two-headed ogre; floor).
  7961 | D:10     | 7961 ||| ZAPPING wand of quicksilver (5) at -5,0
                  | (two-headed ogre; floor).
  7962 | D:10     | 7962 ||| ZAPPING wand of quicksilver (4) at -4,0
                  | (two-headed ogre; floor).
  7963 | D:10     | 7963 ||| ZAPPING wand of quicksilver (3) at -3,0
                  | (two-headed ogre; floor).
  7963 | D:10     | Killed a two-headed ogre
  7968 | D:10     | 7968 ||| RETREEEEATING.
  7969 | D:10     | 7969 ||| RETREEEEATING.
  7970 | D:10     | 7970 ||| RETREEEEATING.
  7971 | D:10     | 7971 ||| RETREEEEATING.
  7972 | D:10     | 7972 ||| RETREEEEATING.
  7973 | D:10     | 7973 ||| RETREEEEATING.
  7974 | D:10     | 7974 ||| RETREEEEATING.
  7989 | D:10     | Noticed a two-headed ogre
  7990 | D:10     | 7990 ||| ZAPPING wand of quicksilver (2) at -2,1
                  | (two-headed ogre; floor).
  7991 | D:10     | 7991 ||| ZAPPING wand of quicksilver (1) at -1,1
                  | (two-headed ogre; floor).
  7994 | D:10     | Killed a two-headed ogre
  8010 | D:10     | Noticed a two-headed ogre
  8015 | D:10     | HP: 13/82 [two-headed ogre/+0 giant club (9)]
  8016 | D:10     | 8016 ||| READING 3 scrolls of teleportation.
  8017 | D:10     | Slain by a two-headed ogre

Levels and vault maps discovered:
D:1:      lightli_arrival_boilingwater, layout_loops_ring,
          chequers_serial_rivers_room_b, hangedman_decor_lopped,
          wad_floor_pattern_untrapped
D:2:      layout_loops_cross, chequers_ecumenical_altar_lobes, uniq_sigmund
D:3:      layout_rooms, lemuel_doored_altar
D:4:      layout_rooms, led_xom_imps
D:5:      layout_cave_pools, evilmike_ruin_ashenzari, minmay_misc_feat_iff
D:6:      layout_basic, nicolae_wu_jian_wuxing_cycle,
          mainiacjoe_overflow_small_starburst, minmay_temple_entry_grid,
          grunt_tough_drop, uniq_edmund
D:7:      layout_layer_cave, zin_statuary, okawaru_metal_pillars_3,
          mainiacjoe_overflow_large_starburst, makhleb_grotto_becter,
          uniq_joseph
D:8:      lemuel_bear_cage, layout_loops_ring, mainiacjoe_overflow_alcove_1,
          serial_shops, nicolae_shop_crystal
D:9:      layout_basic
D:10:     layout_rooms, worldfamousw_hep_ancestral_shrine,
          grunt_temple_overflow_cloverleaf, hiddenorc1_lemuel, minmay_circle_x
D:11:     layout_long_grid, dpeg_oklobed_lair, uniq_maurice
D:12:     layout_loops_ring
Temple:   nicolae_temple_stand_before_the_council

Skill      XL: |  1  2  3  4  5  6  7  8  9 10 11 |
---------------+----------------------------------+-----
Ranged Weapons | 4 5 7 9 10 | 10.6
Armour         | 1 2 |  2.2
Fighting       | 4 5 6 7 8 |  8.4
Dodging        | 3 4 5 6 8 |  8.0
Invocations    | 4 |  4.2
Stealth        | |  0.7

Action                     |  1- 3 |  4- 6 |  7- 9 | 10-12 || total
---------------------------+-------+-------+-------+-------++-------
   Fire: Shortbow          |   104 |   117 |   204 |       ||   425
         Orcbow            |       |       |   200 |   340 ||   540
  Evoke: Wand              |       |       |       |     7 ||     7
    Use: Scroll            |     2 |     5 |     7 |     5 ||    19
         Potion            |     2 |     1 |     3 |     3 ||     9
 Armour: Leather armour    |    25 |       |       |       ||    25
         Ring mail         |    11 |     1 |       |       ||    12
         Robe              |       |    66 |   142 |    88 ||   296
         Troll leather arm |       |       |       |    44 ||    44
  Dodge: Dodged            |    55 |    84 |   199 |   204 ||   542

Table legend:
 A = Non-vault XP
 B = Vault XP
 C = Vault XP percentage of total XP
 D = Non-vault monster count
 E = Vault monster count
 F = Vault count percentage of total count
                 A         B        C        D         E       F
            +---------+---------+-------+---------+---------+-------
      Total |    8022 |    2452 |  23.4 |     213 |      16 |   7.0
            +---------+---------+-------+---------+---------+-------
        D:1 |      31 |       0 |   0.0 |      22 |       0 |   0.0
        D:2 |     110 |     214 |  66.0 |      19 |       1 |   5.0
        D:3 |     108 |       0 |   0.0 |      16 |       0 |   0.0
        D:4 |     437 |     142 |  24.5 |      29 |       3 |   9.4
        D:5 |    1058 |       0 |   0.0 |      23 |       0 |   0.0
        D:6 |    1182 |     225 |  16.0 |      24 |       3 |  11.1
        D:7 |     838 |     531 |  38.8 |      24 |       2 |   7.7
        D:8 |    1108 |       0 |   0.0 |      22 |       0 |   0.0
        D:9 |    1403 |       0 |   0.0 |      23 |       0 |   0.0
       D:10 |    1068 |    1340 |  55.6 |       8 |       7 |  46.7
       D:11 |     296 |       0 |   0.0 |       1 |       0 |   0.0
       D:12 |     383 |       0 |   0.0 |       2 |       0 |   0.0
            +---------+---------+-------+---------+---------+-------
